AoeStats
← Your Mom

Arena

506926775Analyzed
3v3 RM · 18d ago on Sep 15, 2026· 67m 10s· 6 players
Game mode
Random Map
Map size
Normal (6 player)
Population
200
Speed
Normal
Resources
Standard
Victory
Conquest
Starting age
Dark Age
Ending age
Imperial Age
RankedLock teamsTeams togetherTeam positionsShared explorationLock speedFull tech treeHidden civsTurbo modeCheats
Victory
Defeat
🇹🇷 Armenians · Türkiye
951
+14
🇪🇸 Burgundians · Spain
940
+14
🇳🇴 Teutons · Norway
923
+15
966
-17
🇫🇷 Celts · France
865
-13
🇩🇪 Franks · Germany
862
-13
Brainface
3:10 Loom
13:14 Feudal Age
13:31 Man-at-Arms
15:11 Gold Mining
19:34 Castle Age
22:03 Long Swordsman
24:23 Fletching
26:39 Bodkin Arrow
28:27 Pikeman
33:23 Bloodlines
35:18 Fortified Wall
38:45 Scale Mail Armor
41:11 Gambesons
46:00 Imperial Age
46:09 Two-Handed Swordsman
47:27 Forging
49:13 Wheelbarrow
48:50 Cavalier
54:24 Hand Cart
54:47 Scale Barding Armor
56:22 Chain Mail Armor
57:13 Squires
66:12 Halberdier
66:32 Champion
basmarti88
1:35 Loom
4:43 Double-Bit Axe
7:45 Horse Collar
10:42 Wheelbarrow
12:09 Feudal Age
10:35 Gold Mining
12:20 Feudal Age
13:35 Loom
15:05 Stone Mining
17:28 Castle Age
16:49 Fletching
17:15 Bow Saw
19:35 Heavy Plow
19:52 Town Watch
20:56 Bodkin Arrow
23:10 Murder Holes
23:36 Ballistics
22:57 Treadmill Crane
24:17 Masonry
26:40 Hand Cart
27:15 Sanctity
27:37 Cavalier
28:19 Husbandry
34:37 Imperial Age
32:50 Scale Barding Armor
32:55 Forging
34:57 Chain Barding Armor
35:12 Iron Casting
36:02 Gold Shaft Mining
35:15 Paladin
36:08 Burgundian Vineyards
38:28 Crop Rotation
39:47 Plate Barding Armor
43:52 Blast Furnace
42:53 Bracer
44:37 Conscription
45:38 Chemistry
45:08 Architecture
49:38 Hoardings
49:43 Hoardings
49:29 Scale Mail Armor
53:19 Two-Man Saw
54:32 Chain Mail Armor
54:17 Padded Archer Armor
58:27 Bombard Tower
57:58 Guard Tower
57:54 Arrowslits
58:19 Fortified Wall
57:43 Flemish Revolution
59:48 Plate Mail Armor
59:34 Leather Archer Armor
60:18 Town Patrol
61:50 Two-Man Saw
61:00 Herbal Medicine
62:26 Stone Shaft Mining
62:29 Keep
65:53 Onager
Yojimbo
10:18 Feudal Age
10:51 Horse Collar
11:07 Double-Bit Axe
18:48 Castle Age
20:04 Squires
20:22 Bow Saw
20:32 Loom
21:58 Gold Mining
21:45 Pikeman
24:38 Fervor
27:01 Imperial Age
26:54 Wheelbarrow
27:16 Fletching
27:26 Padded Archer Armor
27:27 Scale Mail Armor
27:37 Forging
27:30 Pikeman
28:53 Bodkin Arrow
28:52 Elite Composite Bowman
29:25 Halberdier
30:23 Man-at-Arms
32:20 Hand Cart
32:46 Bracer
32:48 Town Watch
33:46 Conscription
35:16 Leather Archer Armor
35:37 Iron Casting
35:17 Chain Mail Armor
37:00 Ring Archer Armor
36:48 Man-at-Arms
38:50 Blast Furnace
41:48 Plate Mail Armor
43:33 Scale Barding Armor
44:36 Gambesons
44:12 Long Swordsman
46:03 Chemistry
45:23 Ballistics
44:59 Murder Holes
45:16 Masonry
44:58 Long Swordsman
45:25 Arson
46:22 Two-Handed Swordsman
47:20 Fereters
47:01 Champion
48:09 Stone Mining
48:54 Gold Shaft Mining
48:26 Town Patrol
54:46 Heavy Plow
59:31 Fortified Wall
59:12 Guard Tower
60:34 Capped Ram
61:35 Siege Ram
63:39 Onager
Your Mom
0:58 Loom
10:30 Feudal Age
10:57 Double-Bit Axe
13:29 Wheelbarrow
13:20 Gold Mining
21:11 Castle Age
19:29 Stone Mining
24:46 Bow Saw
26:06 Pikeman
26:47 Squires
34:20 Imperial Age
34:44 Husbandry
34:56 Scale Barding Armor
35:02 Forging
35:27 Conscription
34:41 Cavalier
36:34 Gold Shaft Mining
37:25 Halberdier
44:12 Capped Ram
FestiSaumon
9:48 Feudal Age
9:57 Feudal Age
8:29 Loom
11:17 Horse Collar
11:25 Double-Bit Axe
17:01 Gold Mining
19:46 Castle Age
17:39 Arson
18:21 Scale Mail Armor
21:35 Pikeman
22:30 Bow Saw
27:06 Chain Mail Armor
27:02 Forging
39:15 Imperial Age
37:56 Wheelbarrow
37:06 Town Watch
40:15 Iron Casting
39:43 Halberdier
41:41 Heavy Plow
44:05 Plate Mail Armor
44:12 Furor Celtica
47:20 Heavy Scorpion
53:54 Blast Furnace
Fritz Flabbergasted Blitz
4:53 Double-Bit Axe
10:25 Feudal Age
16:33 Castle Age
15:33 Forging
16:26 Scale Barding Armor
17:30 Bow Saw
17:18 Horse Collar
18:35 Loom
18:56 Heavy Plow
19:28 Gold Mining
20:36 Wheelbarrow
21:30 Iron Casting
21:23 Husbandry
21:58 Cavalier
25:43 Hand Cart
27:12 Chain Barding Armor
28:34 Loom
32:55 Two-Man Saw
32:23 Light Cavalry
36:05 Gold Shaft Mining
39:23 Imperial Age
36:51 Stone Mining
38:39 Stone Shaft Mining
38:05 Arson
38:26 Squires
39:25 Scale Mail Armor
41:17 Chain Mail Armor
42:03 Blast Furnace
40:47 Capped Ram
40:54 Paladin
43:47 Plate Mail Armor
45:52 Chemistry
49:54 Conscription
Connection lost

Rejoining the realm…

Still unreachable

The connection could not be restored.

Session expired

The server has moved on; the page needs a fresh start.